 Dungeon Crawl Stone Soup version 0.31-a0-983-g7b6862f502 (webtiles) character file.

Game seed: 8498222905052527281

60 dialectric the Trooper (level 4, -2/41 HPs)
             Began as a Hill Orc Fighter on Nov 1, 2023.
             Was a Believer of Beogh.
             Killed by nerve-wracking pain
             ... invoked by Jessica
              (12 damage)
             ... on level 3 of the Dungeon on Nov 2, 2023.
             The game lasted 00:01:55 (1900 turns).

dialectric the Trooper (Hill Orc Fighter)           Turns: 1900, Time: 00:01:57

Health: -2/41      AC:  7    Str: 20    XL:     4   Next: 6%
Magic:  4/4        EV:  9    Int:  8    God:    Beogh [**....]
Gold:   126        SH:  0    Dex: 10    Spells: 3/3 levels left

rFire   . . .        a - +0 long sword
rCold   . . .        (no shield)
rNeg    . . .        b - +0 scale mail
rPois   .            (no helmet)
rElec   .            (no cloak)
rCorr   .            (no gloves)
SInv    .            (no boots)
Will    .....        (no amulet) Stlth
                     (no ring)
HPRegen 0.26/turn    (no ring)
MPRegen 0.09/turn

%: no passive effects
@: lethally poisoned (-2 -> -13)
A: no striking features
a: Renounce Religion, Smiting


You were on level 3 of the Dungeon.
You worshipped Beogh.
Beogh was pleased with you.
You visited 1 branch of the dungeon, and saw 3 of its levels.

You collected 126 gold pieces.

Inventory:

Hand Weapons
 a - a +0 long sword (weapon)
Missiles
 k - 4 poisoned darts
Armour
 b - a +0 scale mail (worn)
 c - a +0 buckler
Jewellery
 t - a ring of see invisible
Talismans
 m - a flux talisman
Scrolls
 e - a scroll of teleportation {unknown}
 f - 3 scrolls of revelation {unknown}
 g - 2 scrolls of identify {unknown}
 h - a scroll of enchant weapon {unknown}
 j - a scroll of summoning {unknown}
 o - a scroll of vulnerability {unknown}
 p - a scroll of fear {unknown}
 q - a scroll of noise {unknown}
 r - a scroll of enchant armour {unknown}
Potions
 d - 3 potions of might
 i - a potion of curing
 l - a potion of enlightenment {unknown}
 n - a potion of mutation {unknown}
 s - a potion of lignification {unknown}


   Skills:
 + Level 4.3 Fighting
 + Level 3.1 Long Blades
 + Level 3.9 Armour
 + Level 0.2 Dodging
 + Level 3.5 Shields


You had 3 spell levels left.
You didn't know any spells.
Your spell library was empty.

Dungeon Overview and Level Annotations

Branches:
Dungeon (3/15)

Altars:
Beogh

Annotations:
D:3 3 runed translucent doors, Jessica; sammy202020's ghost, amateur GrBe


Message History

Jessica hits you but does no damage.
You are lethally poisoned!
It was a potion of curing.
You feel better. Jessica barely misses you.
You hit Jessica but do no damage. Jessica gestures at you while chanting.
You barely resist. You slash Jessica!
Jessica is severely wounded.
Jessica casts a spell.
Jessica blinks!
The kobold throws a stone.
The stone closely misses you. The kobold hits you with a +0 whip.
You hit the kobold.
You kill the kobold!
Beogh accepts your kill.
t - a ring of see invisible
Things that are here:
a +0 whip; 5 stones
Things that are here:
a +0 whip; 5 stones You hit Jessica.
Jessica is almost dead.
Jessica barely misses you. Jessica gestures at you while chanting.
Pain shoots through your body!
You hit Jessica but do no damage.
Jessica is severely wounded.
Jessica hits you but does no damage.
You are poisoned.
You hit Jessica.
Jessica is almost dead.
You feel very sick.
Jessica hits you with a +2 dagger of venom.
You are lethally poisoned!
You closely miss Jessica.
Jessica is almost dead.
* * * LOW HITPOINT WARNING * * *
You feel very sick. Jessica gestures at you while chanting.
Pain shoots through your body!
You die...

#......# #....# #......#
+....# #......#.# #....#
#......#..## #....#
#......#..#. #....#
#......#..#K ######....#
#......#..#W ..........#
#....).#..##
........@@####......###.#
#.########..........'....
#..........####.
#.......#### #. #.......#
#. ######### ##


You could see Jessica.

Vanquished Creatures
  2 worms (D:2)
  3 dart slugs
  5 endoplasms
  3 giant cockroaches
  2 goblins
  7 hobgoblins
  5 kobolds
  A quokka (D:2)
  4 ball pythons (D:2)
  3 bats
  7 frilled lizards
  7 rats
49 creatures vanquished.

Notes
Turn   | Place    | Note
-------+----------+-------------------------------------------
     0 | D:1      | dialectric the Hill Orc Fighter began the quest for the
                  | Orb.
     0 | D:1      | Reached XP level 1. HP: 19/19 MP: 1/1
    44 | D:1      | Found a faded altar of an unknown god.
    52 | D:1      | Reached XP level 2. HP: 27/27 MP: 2/2
   123 | D:1      | Reached skill level 4 in Fighting
   191 | D:1      | Prayed at the altar of an unknown god.
   191 | D:1      | Became a worshipper of Beogh the Brigand
   191 | D:1      | Reached * piety under Beogh
   481 | D:1      | Reached XP level 3. HP: 33/33 MP: 3/3
  1063 | D:2      | Reached ** piety under Beogh
  1101 | D:2      | Upgraded the game from 0.31-a0-981-geadf994542 to
                  | 0.31-a0-983-g7b6862f502
  1820 | D:3      | Found a runed translucent gate.
  1820 | D:3      | Found a runed translucent gate.
  1821 | D:3      | Found a runed translucent gate.
  1821 | D:3      | Noticed a kobold brigand
  1822 | D:3      | Noticed sammy202020's ghost (amateur GrBe)
  1826 | D:3      | Reached XP level 4. HP: 35/41 MP: 4/4
  1879 | D:3      | Noticed Jessica
  1900 | D:3      | Killed from afar by Jessica

Illustrated notes

Levels and vault maps discovered:
D:1:      minmay_arrival_plants_in_alcoves, layout_loops_ring,
          ebering_ecumenical_altar_rust
D:2:      layout_loops_corners, chequers_decorated_corner, minmay_distorted
D:3:      lemuel_castle_with_subvaults [lemuel_castle_interior_original],
          layout_basic, gammafunk_ghost_nasty_kobolds, minmay_tree_intersection,
          kennysheep_generic_room_11, uniq_jessica

Skill      XL: |  1  2  3 |
---------------+----------+-----
Fighting       | 4 |  4.3
Long Blades    | 3 |  3.1
Armour         | |  3.9
Dodging        | |  0.2
Shields        | |  3.5

Action                     |  1- 3 |  4- 6 || total
---------------------------+-------+-------++-------
  Melee: Long sword        |   123 |    13 ||   136
         Punch             |     1 |       ||     1
    Use: Potion            |       |     1 ||     1
 Armour: Scale mail        |    83 |    10 ||    93
  Dodge: Dodged            |    54 |     5 ||    59

Table legend: (Time is in decaauts)
 A = Elapsed time spent in this place.
 B = Non-inter-level travel time spent in this place.
 C = Inter-level travel time spent in this place.
 D = Time resting spent in this place.
 E = Time spent auto-exploring this place.
 F = Levels seen in this place.
 G = Mean time per level.
                   A        B        C        D        E       F      G
               +--------+--------+--------+--------+--------+-----+--------+
         Total |   1935 |   1867 |     68 |      0 |   1478 |   3 |  645.0 |
       Dungeon |   1935 |   1867 |     68 |      0 |   1478 |   3 |  645.0 |
               +--------+--------+--------+--------+--------+-----+--------+

Top non-repeatable levels by time:
     D:2: 1087 daAuts
     D:1: 642 daAuts
     D:3: 205 daAuts
